 Dungeon Crawl Stone Soup version 0.30.0-5-g1a98f26d00 (webtiles) character file.

Game seed: 11103465078122949836

43236 SnakkuSnakku7 the Markstengu (level 14, -1/88 HPs)
             Began as a Tengu Enchanter on May 9, 2023.
             Was the Champion of Lugonu.
             Slain by a wolf spider (9 damage)
             ... on level 5 of the Lair of Beasts.
             The game lasted 00:30:44 (16656 turns).

SnakkuSnakku7 the Markstengu (Tengu Enchanter)     Turns: 16656, Time: 00:30:44

Health: -1/88      AC:  5    Str:  9    XL:     14   Next: 23%
Magic:  21/21      EV: 26    Int: 17    God:    Lugonu [******]
Gold:   926        SH:  0    Dex: 18    Spells: 17/17 levels left

rFire   . . .        a - +6 longbow
rCold   . . .        (shield currently unavailable)
rNeg    . . .        D - +0 troll leather armour
rPois   .            (helmet restricted)
rElec   .            y - scarf {+Inv}
rCorr   +            (no gloves)
SInv    .            (boots unavailable)
Will    +....        L - amulet of regeneration
Stlth   ++           G - +5 ring of evasion
HPRegen 1.94/turn    M - ring of resist corrosion
MPRegen 0.17/turn

%: no passive effects
@: lethally poisoned (-1 -> -2), flying quickly and evasively, quick
A: beak, talons 3, nimble flight
a: Renounce Religion, Evoke Invisibility, Depart the Abyss, Banish, Corrupt,
Enter the Abyss, Brand Weapon With Distortion


You were on level 5 of the Lair of Beasts.
You worshipped Lugonu.
Lugonu was exalted by your worship.
You visited 3 branches of the dungeon, and saw 17 of its levels.
You also visited: Sewer and Gauntlet.

You collected 1347 gold pieces.
You spent 421 gold pieces at shops.

Inventory:

Hand Weapons
 a - a +6 longbow (weapon)
 l - a +1 hand crossbow
Missiles
 j - 4 curare-tipped darts
 n - a throwing net
Armour
 y - a scarf of invisibility (worn)
 A - a +0 buckler
 C - +0 steam dragon scales
 D - a +0 troll leather armour (worn)
Jewellery
 h - an amulet of reflection
 G - a +5 ring of evasion (left hand)
 L - an amulet of regeneration (around neck)
 M - a ring of resist corrosion (right hand)
Wands
 v - a wand of digging (5)
 w - a wand of flame (22)
 P - a wand of light (14)
 Q - a wand of iceblast (6)
 R - a wand of paralysis (8)
Scrolls
 b - a scroll of vulnerability
 d - 2 scrolls of silence
 e - 6 scrolls of teleportation
 f - 5 scrolls of identify
 g - 5 scrolls of immolation
 q - a scroll of enchant weapon
 t - 3 scrolls of poison
 u - 4 scrolls of magic mapping
 x - 4 scrolls of amnesia
 E - a scroll of fear
 F - a scroll of blinking
 N - 2 scrolls of enchant armour
 O - 2 scrolls of fog
Potions
 c - 6 potions of invisibility
 i - 3 potions of cancellation
 k - 3 potions of lignification
 m - 4 potions of might
 o - 6 potions of haste
 p - 10 potions of mutation
 r - 9 potions of heal wounds
 z - 9 potions of curing
 B - 2 potions of attraction
 J - a potion of ambrosia
 K - a potion of berserk rage
Miscellaneous
 H - a box of beasts
 I - a phial of floods (inert)


   Skills:
 - Level 10.0 Fighting
 - Level 1.1 Short Blades
 - Level 18.0 Ranged Weapons
 + Level 7.7 Armour
 - Level 10.0 Dodging
 - Level 3.0 Stealth
 - Level 2.0 Spellcasting
 - Level 2.2 Hexes
 - Level 9.0 Invocations


You had 17 spell levels left.
You didn't know any spells.
Your spell library contained the following spells:

 Spells                   Type           Power      Damage    Failure   Level
 Slow                     Hex            36%        N/A       11%         1
 Ensorcelled Hibernation  Hex/Ice        10%        N/A       24%         2
 Foxfire                  Conj/Fire      4%         2x1d4     26%         1
 Kiss of Death            Conj/Necr      4%         2d5       26%         1
 Shock                    Conj/Air       4%         1d3       26%         1
 Confusing Touch          Hex            9%         N/A       30%         3
 Tukima's Dance           Hex            9%         N/A       30%         3
 Lesser Beckoning         Tloc           2%         N/A       36%         2
 Static Discharge         Conj/Air       2%         2-3/arc   36%         2
 Dazzling Flash           Conj/Hex       10%        N/A       43%         3
 Mephitic Cloud           Conj/Pois/Air  1%         N/A       58%         3
 Swiftness                Air            1%         N/A       58%         3
 Vampiric Draining        Necr           1%         2d6       58%         3
 Vhi's Electric Charge    Tloc/Air       2%         N/A       58%         3
 Leda's Liquefaction      Hex/Erth       2%         N/A       85%         4
 Airstrike                Air            0%         2d(1-17)  94%         4
 Dispel Undead            Necr           1%         3d6       94%         4
 Lee's Rapid Deconstruct  Erth           0%         3d4*      100%        5
 Statue Form              Tmut/Erth      0%         N/A       100%        6
 Disjunction              Tloc           0%         N/A       100%        8


Dungeon Overview and Level Annotations

Branches:
Dungeon (11/15)            Temple (0/1) D:5            Lair (5/5) D:11
  Swamp (0/4) Lair:2        Snake (0/4) Lair:2        Slime (0/5) Lair:5
    Orc (1/2) D:9           Sewer (visited)         Gauntlet (visited)

Altars:
Dithmenos
Elyvilon
Hepliaklqana
Kikubaaqudgha
Makhleb
Ru
Sif Muna
Trog
Uskayaw
Xom
The Shining One
Jiyva
Lugonu

Shops:
D:5 (!   D:8 (   D:10 *

Portals:
Abyss: D:3

Annotations:
D:4 2 transporters
D:7 3 runed translucent doors, SnakkuSnakku7's ghost, novice AtWr
D:8 2 runed translucent doors, PerfectTommy's ghost, novice MiFi
Lair:1 2 transporters, Vew Pil's ghost, journeyman DrTm
Lair:5 3 runed translucent doors, bmack86's ghost, journeyman MiFi


Innate Abilities, Weirdness & Mutations

You have a beak for a mouth.
You have claws for feet.
Your magical nature lets you fly swiftly and evasively.


Message History

The guardian serpent is heavily wounded.
The guardian serpent completely misses you.
You shoot an arrow. The arrow hits the guardian serpent!
The guardian serpent is almost dead.
The guardian serpent closely misses you.
Unknown command.
Unknown command.
You shoot an arrow.
The arrow barely misses the guardian serpent.
The arrow hits the wolf spider!
The wolf spider is moderately wounded.
You hear an angry hiss.
The guardian serpent hits you!!
Unknown command.
You shoot an arrow. The arrow misses the guardian serpent.
The guardian serpent is no longer waterlogged.
The guardian serpent coils itself and waves its upper body at you.
The black mamba blinks into view!
The wolf spider hits you! The wolf spider completely misses you.
The guardian serpent coils itself and waves its upper body at you.
The bolt of poison misses you.
You hear an angry hiss.
You are too injured to fight recklessly!
You shoot an arrow. The arrow misses the black mamba.
The black mamba completely misses you. The wolf spider hits you!
The wolf spider misses you.
The guardian serpent casts a spell at you.
You resist with some effort. The black mamba misses you.
Unknown command.
You shoot an arrow. The arrow hits the guardian serpent!
The guardian serpent is almost dead.
The wolf spider misses you. The wolf spider barely misses you.
A black mamba comes into view.
The black mamba bites you.
The guardian serpent coils itself and waves its upper body at you.
The bolt of poison hits you!!
You are poisoned.
* * * LOW HITPOINT WARNING * * *
The wolf spider hits you!
You die...

.......## #..#(.##.....†P.......
###.....## ####.##....###........
..#.#....########...### ##.......
....###...##..##..###. #.......
.P....###.#....####.FS #.......
........###.......s... #.......
........###..P§.S..... ###.....
......###.#..~S#### #.......
P...###...##.~~S@.### ##....#.
..###.....####.s#S..### ##......#
###.....#..# ##.##....###....###.
.......##).# #..##........#.# ##
.P....##..## ##..##.........###.
.P...##...#. .#...##..........#.
....##...##....##...##..P.......#
..###....#......#....###.........
..##....##......##....##......###


You could see a wolf spider, a guardian serpent and 2 black mambas.

Vanquished Creatures
  2 hydras
  15 death yaks
  A boulder beetle (Lair:5)
  3 two-headed ogres
  Sonja (Lair:4)
  A skyshark (Lair:4)
  A wolf spider (Lair:5)
  A manticore (D:10)
  Maggie (D:8)
  7 elephants (Lair:4)
  10 black mambas
  8 cane toads
  A torpor snail (Lair:4)
  An unseen horror (D:11)
  A rime drake (D:11)
  5 komodo dragons
  4 trolls
  A polar bear (D:11)
  7 dream sheep
  Sigmund (D:5)
  15 wyverns
  47 yaks
  2 basilisks
  A ynoxinul (D:8)
  A redback (Lair:5)
  2 steam dragons
  A naga (Lair:2)
  An acid dragon (Lair:5)
  17 water moccasins
  An orc warrior (D:11)
  2 black bears
  5 ice beasts
  3 ogres
  3 centaurs
  9 wolves
  3 phantoms
  3 kobold brigands
  6 bullfrogs
  3 scorpions
  19 wights
  3 killer bees (D:7)
  2 howler monkeys
  2 electric eels (Lair:2)
  7 jellies
  6 hounds
  5 orc priests
  A sleepcap (D:7)
  2 iguanas (D:5)
  Natasha (thrice) (D:3)
  3 orc wizards (D:9)
  5 adders
  2 river rats (D:6)
  A white imp (D:6)
  3 ufetubi
  A worm (D:2)
  4 dart slugs
  21 orcs
  15 ball pythons
  14 endoplasms
  4 giant cockroaches
  10 goblins
  9 hobgoblins
  2 jackals (D:4)
  3 quokkas
  3 training dummies (D:5)
  11 bats
  7 frilled lizards
  37 kobolds
  9 rats
411 creatures vanquished.

Vanquished Creatures (others)
  A kobold (D:8)
  A lurking horror (D:3)
2 creatures vanquished.

Grand Total: 413 creatures vanquished

Notes
Turn   | Place    | Note
-------+----------+-------------------------------------------
     0 | D:1      | SnakkuSnakku7 the Tengu Enchanter began the quest for the
                  | Orb.
     0 | D:1      | Reached XP level 1. HP: 10/10 MP: 4/4
    79 | D:1      | Reached skill level 1 in Fighting
   134 | D:1      | Reached XP level 2. HP: 14/16 MP: 6/6
   347 | D:1      | Reached XP level 3. HP: 22/22 MP: 7/7
  1579 | D:3      | Noticed Natasha
  1732 | D:3      | Found a corrupted altar of Lugonu.
  1732 | D:3      | Found a one-way gate to the infinite horrors of the Abyss.
  1899 | D:3      | Reached XP level 4. HP: 25/28 MP: 8/8
  2006 | D:3      | Became a worshipper of Lugonu the Unformed
  2037 | D:3      | Reached skill level 1 in Ranged Weapons
  2169 | D:3      | Killed Natasha
  2170 | D:3      | Reached skill level 2 in Ranged Weapons
  2290 | D:3      | Noticed Natasha
  2296 | D:3      | Killed Natasha
  2297 | D:3      | Reached skill level 3 in Ranged Weapons
  2297 | D:3      | Gained mutation: Your magical nature lets you fly swiftly
                  | and evasively. [Tengu growth]
  2297 | D:3      | Reached XP level 5. HP: 32/32 MP: 9/9
  2363 | D:3      | Noticed Natasha
  2371 | D:3      | Killed Natasha
  2419 | D:3      | Reached skill level 4 in Ranged Weapons
  2439 | D:3      | Reached XP level 6. HP: 25/37 MP: 10/10
  2467 | D:3      | Reached * piety under Lugonu
  2700 | D:4      | Found a transporter.
  2754 | D:4      | Reached skill level 5 in Ranged Weapons
  3060 | D:4      | Reached skill level 6 in Ranged Weapons
  3096 | D:4      | Found a transporter.
  3322 | D:4      | Reached XP level 7. HP: 29/41 MP: 11/11
  3632 | D:5      | Entered Level 5 of the Dungeon
  3675 | D:5      | Reached skill level 7 in Ranged Weapons
  3854 | D:5      | Reached skill level 8 in Ranged Weapons
  4001 | D:5      | Found a staircase to the Ecumenical Temple.
  4046 | D:5      | Reached XP level 8. HP: 12/46 MP: 12/12
  4256 | D:5      | Reached ** piety under Lugonu
  4303 | D:5      | Found Ugatuul's Distillery.
  4307 | D:5      | Bought a potion of heal wounds for 65 gold pieces
  4307 | D:5      | Bought a potion of heal wounds for 65 gold pieces
  4307 | D:5      | Bought a potion of heal wounds for 65 gold pieces
  4307 | D:5      | Bought 2 potions of curing for 78 gold pieces
  4307 | D:5      | Bought a potion of curing for 39 gold pieces
  4322 | D:5      | Noticed Sigmund
  4443 | D:5      | Killed Sigmund
  4444 | D:5      | Reached skill level 9 in Ranged Weapons
  4473 | D:5      | Found Zeushraug's Firing Range.
  4840 | D:6      | Reached skill level 10 in Ranged Weapons
  4916 | D:6      | Found a glowing drain.
  4959 | Sewer    | Entered a sewer
  5312 | Sewer    | Reached *** piety under Lugonu
  5397 | D:5      | Bought a +0 hand crossbow for 38 gold pieces
  5522 | D:6      | Reached skill level 11 in Ranged Weapons
  5750 | D:6      | Reached XP level 9. HP: 51/51 MP: 13/13
  6022 | D:7      | Reached skill level 12 in Ranged Weapons
  6405 | D:5      | Bought a +0 longbow for 71 gold pieces
  6581 | D:7      | Found a runed translucent gate.
  6582 | D:7      | Found a runed translucent gate.
  6584 | D:7      | Found a runed translucent gate.
  6903 | D:7      | Reached skill level 13 in Ranged Weapons
  7203 | D:7      | Noticed SnakkuSnakku7's ghost (novice AtWr)
  7236 | D:8      | Noticed a troll
  7246 | D:8      | Killed a troll
  7498 | D:8      | Reached **** piety under Lugonu
  7500 | D:8      | Found a shimmering altar of Xom.
  7566 | D:8      | Found a shadowy altar of Dithmenos.
  7585 | D:8      | Reached skill level 14 in Ranged Weapons
  7822 | D:8      | Noticed Maggie
  7844 | D:8      | Killed Maggie
  7845 | D:8      | Reached XP level 10. HP: 50/56 MP: 14/14
  7957 | D:8      | Found a large runed translucent door.
  7957 | D:8      | Found a large runed translucent door.
  7961 | D:8      | Noticed PerfectTommy's ghost (novice MiFi)
  8032 | D:8      | Found a bloodstained altar of Trog.
  8075 | D:8      | Reached skill level 15 in Ranged Weapons
  8095 | D:8      | Found a shimmering blue altar of Sif Muna.
  8099 | D:8      | Got Sif Muna's Notes on Overcast Energy
  8106 | D:8      | Found Momor's Antique Weapon Shop.
  8671 | D:8      | Reached skill level 16 in Ranged Weapons
  8990 | D:9      | Found a staircase to the Orcish Mines.
  9004 | Orc:1    | Entered Level 1 of the Orcish Mines
  9004 | Orc:1    | Noticed an orc knight
  9078 | D:9      | Found a white marble altar of Elyvilon.
  9084 | D:9      | Found a glowing golden altar of the Shining One.
  9086 | D:9      | Found an ancient bone altar of Kikubaaqudgha.
  9087 | D:9      | Found a sacrificial altar of Ru.
  9088 | D:9      | Found a hide-covered altar of Uskayaw.
  9089 | D:9      | Found a burning altar of Makhleb.
  9090 | D:9      | Found a hazy altar of Hepliaklqana.
  9241 | D:10     | Entered Level 10 of the Dungeon
  9567 | D:10     | Noticed a manticore
  9582 | D:10     | Killed a manticore
  9583 | D:10     | Reached XP level 11. HP: 32/60 MP: 15/15
  9613 | D:10     | Reached skill level 17 in Ranged Weapons
  9682 | D:10     | Identified the +9 rapier of the Unspeakable One {freeze,
                  | Fly Will+ Dex+5}
  9687 | D:10     | Noticed a two-headed ogre
  9732 | D:10     | Killed a two-headed ogre
  9982 | D:10     | Found Feydidumm's Lightly-Used Armoury.
 10062 | D:11     | Found a gate leading to a gauntlet.
 10167 | Gauntlet | Entered a Gauntlet
 10167 | Gauntlet | Noticed a fire crab
 10167 | Gauntlet | Noticed a catoblepas
 10167 | Gauntlet | Found a transporter.
 10167 | Gauntlet | Found a transporter.
 10167 | Gauntlet | Found a transporter.
 10185 | Gauntlet | Found a transporter.
 10187 | Gauntlet | Found a transporter.
 10196 | Gauntlet | Noticed a worldbinder
 10197 | Gauntlet | Found a transporter.
 10201 | Gauntlet | Found a transporter.
 10204 | Gauntlet | Noticed a red ugly thing
 10208 | Gauntlet | Noticed a glowing orange brain
 10214 | Gauntlet | Noticed a glowing orange brain
 10219 | Gauntlet | Found a transporter.
 10237 | Gauntlet | Found a transporter.
 10251 | Gauntlet | Found a transporter.
 10255 | Gauntlet | Found a transporter.
 10260 | Gauntlet | Noticed a moth of wrath
 10267 | Gauntlet | Found a transporter.
 10344 | D:11     | Found a staircase to the Lair.
 10403 | D:11     | Reached ***** piety under Lugonu
 10448 | D:11     | Noticed a two-headed ogre
 10450 | D:11     | Noticed a two-headed ogre
 10452 | D:11     | Noticed an ice dragon
 10511 | D:11     | Killed a two-headed ogre
 10512 | D:11     | Reached skill level 18 in Ranged Weapons
 10512 | D:11     | Reached skill level 1 in Invocations
 10516 | D:11     | Killed a two-headed ogre
 10656 | Lair:1   | Entered Level 1 of the Lair of Beasts
 10819 | Lair:1   | Noticed a moth of wrath
 10822 | Lair:1   | Found a transporter.
 10910 | Lair:1   | Found a transporter.
 10910 | Lair:1   | Noticed a spriggan rider
 10910 | Lair:1   | Noticed a spriggan rider
 10913 | Lair:1   | Noticed Vew Pil's ghost (journeyman DrTm)
 10914 | Lair:1   | Found a bloodstained altar of Trog.
 10990 | Lair:1   | Reached skill level 5 in Invocations
 11052 | Lair:1   | Reached XP level 12. HP: 57/67 MP: 17/17
 11848 | Lair:2   | Found a staircase to the Snake Pit.
 11904 | Lair:2   | Noticed an eight-headed hydra
 11929 | Lair:2   | Found a staircase to the Swamp.
 12041 | Lair:2   | Killed an eight-headed hydra
 12091 | Lair:2   | Got the Compendium of the Gusty Vector
 12712 | Lair:3   | Noticed a five-headed hydra
 12749 | Lair:3   | Killed a five-headed hydra
 12816 | Lair:3   | Reached skill level 5 in Dodging
 13342 | Lair:3   | Noticed a death yak
 13342 | Lair:3   | Noticed a death yak
 13365 | Lair:3   | Killed a death yak
 13380 | Lair:3   | Noticed a death yak
 13398 | Lair:3   | Killed a death yak
 13416 | Lair:3   | Noticed a death yak
 13442 | Lair:3   | Killed a death yak
 13467 | Lair:3   | Killed a death yak
 13861 | Lair:4   | Noticed a death yak
 13898 | Lair:3   | Killed a death yak
 13912 | Lair:4   | Noticed a death yak
 13943 | Lair:3   | Killed a death yak
 13944 | Lair:3   | Reached XP level 13. HP: 59/71 MP: 20/20
 14079 | Lair:4   | Noticed Sonja
 14086 | Lair:4   | Killed Sonja
 14428 | Lair:4   | Reached skill level 10 in Dodging
 14430 | Lair:4   | Reached skill level 5 in Fighting
 15401 | Lair:5   | Entered Level 5 of the Lair of Beasts
 15524 | Lair:5   | Found a viscous altar of Jiyva.
 15524 | Lair:5   | Found a staircase to the Slime Pits.
 15682 | Lair:5   | Reached skill level 10 in Fighting
 15682 | Lair:5   | Reached skill level 1 in Armour
 15915 | Lair:5   | Reached XP level 14. HP: 66/88 MP: 21/21
 15967 | Lair:5   | Reached ****** piety under Lugonu
 15989 | Lair:5   | Reached skill level 5 in Armour
 16051 | Lair:5   | Found a runed translucent gate.
 16051 | Lair:5   | Found a runed translucent gate.
 16051 | Lair:5   | Found a runed translucent gate.
 16245 | Lair:5   | Paralysed by a hornet for 1 turns
 16252 | Lair:5   | Paralysed by a hornet for 1 turns
 16460 | Lair:5   | Noticed bmack86's ghost (journeyman MiFi)
 16656 | Lair:5   | Slain by a wolf spider

Illustrated notes

Levels and vault maps discovered:
D:1:      spicycebolla_arrival_risky_transporter, layout_rooms, serial_bayou,
          serial_bayou_crossing, serial_bayou_lagoon_a, serial_bayou_pond_e,
          serial_bayou_lagoon_b, minmay_vboxes
D:2:      layout_loops_corners, chequers_serial_rivers_small_a
D:3:      cheibrodos_fertilizer, layout_rooms, amcnicky_altar_lugonu_corruption,
          uniq_natasha
D:4:      gammafunk_cloud_chamber, layout_cave_pods
D:5:      nicolae_BIG_FREAKIN_CUBE, layout_gridville, minmay_temple_entry_hall,
          serial_shops, nicolae_shop_back_alley_shop,
          dreamdust_princess_corridor, nicolae_shop_firing_range, uniq_sigmund
D:6:      layout_basic, portal_sewer_entry_c
D:7:      layout_basic, gammafunk_ghost_necromancy
D:8:      layout_loops_ring, nzn_overflow_gifts_of_might_and_magic,
          grunt_dithmenos_smoke, dk_xom_monty_hall, ebering_ghost_disaster_area,
          serial_shops, nicolae_shop_scrapyard, hangedman_decor_clover_reticule,
          nrook_uturn, uniq_maggie
D:9:      layout_cave_pools, minitemple, orc_0_dummy
D:10:     layout_basic, serial_glass, glass_columns_b, glass_columns_a,
          glass_columns_c, glass_columns_b, glass_columns_a, glass_columns_a,
          minmay_shop_damaged, nrook_mini_vaults
D:11:     layout_basic, hellmonk_lair_entry_icy, gauntlet_entry_generic
Lair:1:   layout_regular_city, gammafunk_ghost_wrathful_warriors
Lair:2:   layout_cave_pods, minmay_swamp_entry_eels,
          guppyfry_snake_entry_garden, grunt_megastairs_2
Lair:3:   layout_cave_pods, infiniplex_staircase_pool
Lair:4:   layout_layer_cave, beast_lair_carwin_3, uniq_sonja
Lair:5:   guppyfry_lair_end_dragon, layout_layer_cave,
          hangedman_lair_tendril_chambers, dpeg_slime_entry_corner,
          ebering_ghost_rock_garden
Orc:1:    layout_caves, mines1_david, uniq_nergalle

Skill      XL: |  1  2  3  4  5  6  7  8  9 10 11 12 13 14 |
---------------+-------------------------------------------+-----
Fighting       | 1 2 3 4 10 | 10.0
Ranged Weapons | 3 4 6 8 11 14 16 18 | 18.0
Invocations    | 6 9 |  9.0
Dodging        | 9 10 | 10.0
Armour         | 4 7 |  7.7
Short Blades   | |  1.1
Stealth        | |  3.0
Spellcasting   | |  2.0
Hexes          | |  2.2

Action                     |  1- 3 |  4- 6 |  7- 9 | 10-12 | 13-15 || total
---------------------------+-------+-------+-------+-------+-------++-------
  Melee: Dagger            |   127 |       |       |       |       ||   127
         Kick              |    28 |    22 |    46 |       |       ||    96
         Peck              |    11 |    17 |    36 |       |       ||    64
         Punch             |     1 |     1 |     3 |       |       ||     5
         Short sword       |       |    80 |   155 |       |       ||   235
   Fire: Sling             |     2 |    62 |    67 |       |       ||   131
         Hand crossbow     |       |       |    65 |       |       ||    65
         Longbow           |       |       |    93 |   788 |   498 ||  1379
  Throw: Dart              |       |       |       |       |     1 ||     1
Ability: Evoke Invisibilit |       |       |     1 |       |       ||     1
  Evoke: Wand              |       |       |     2 |     4 |       ||     6
         Phial of floods   |       |       |       |       |     1 ||     1
    Use: Scroll            |       |       |    20 |     5 |     8 ||    33
         Potion            |       |       |     3 |       |       ||     3
   Stab: Sleeping          |     9 |     1 |     4 |       |       ||    14
 Armour: Robe              |    18 |     3 |    13 |       |       ||    34
         Skin              |       |       |    13 |       |       ||    13
         Leather armour    |       |       |     2 |       |       ||     2
         Troll leather arm |       |       |       |    25 |    13 ||    38
         Steam dragon scal |       |       |       |     1 |       ||     1
  Dodge: Dodged            |    70 |    59 |   164 |   298 |   189 ||   780
  Block: Other             |    19 |    16 |    53 |    26 |       ||   114
         Reflection        |     1 |     1 |     2 |     3 |       ||     7
         Buckler           |       |       |    15 |       |       ||    15
